 Dungeon Crawl Stone Soup version 0.30.1-4-g462c640d31 (webtiles) character file.

Game seed: 12083151080241745282

278 spardeous the Conjurer (level 5, -1/38 HPs)
             Began as a Demigod Conjurer on Aug 26, 2023.
             Slain by Pikel
             ... wielding a +0 whip of flaming
              (5 damage)
             ... on level 4 of the Dungeon.
             The game lasted 00:04:22 (5696 turns).

spardeous the Conjurer (Demigod Conjurer)           Turns: 5696, Time: 00:04:22

Health: -1/38      AC:  5    Str:  8    XL:     5   Next: 75%
Magic:  10/10      EV:  9    Int: 24    God:
Gold:   148        SH:  3    Dex: 12    Spells: 0/7 levels left

rFire   . . .        (no weapon)
rCold   . . .        l - +0 buckler
rNeg    . . .        k - +0 ring mail
rPois   .            (no helmet)
rElec   .            (no cloak)
rCorr   .            (no gloves)
SInv    .            (no boots)
Will    .....        (no amulet)
Stlth   +            (no ring)
HPRegen 0.26/turn    (no ring)
MPRegen 0.12/turn

%: no passive effects
@: no status effects
A: high MP 1, forlorn, divine attributes
a: no special abilities


You were on level 4 of the Dungeon.
You visited 1 branch of the dungeon, and saw 4 of its levels.

You collected 148 gold pieces.

Inventory:

Armour
 a - a +0 robe
 k - a +0 ring mail (worn)
 l - a +0 buckler (worn)
Jewellery
 e - a ring of fire
Wands
 p - a wand of polymorph (12)
 r - a wand of roots (5)
Scrolls
 f - 2 scrolls of blinking {unknown}
 g - 3 scrolls of identify {unknown}
 h - a scroll of enchant weapon {unknown}
 i - a scroll of teleportation {unknown}
 m - a scroll of fog {unknown}
 o - a scroll of acquirement {unknown}
 q - a scroll of magic mapping {unknown}
 s - a scroll of immolation {unknown}
Potions
 c - a potion of might {unknown}
 d - a potion of attraction {unknown}
 j - a potion of mutation {unknown}
 n - 4 potions of flight {unknown}


   Skills:
 - Level 1.7 Dodging
 - Level 1.7 Stealth
 - Level 1.7 Spellcasting
 + Level 6.7 Conjurations


You couldn't memorise any spells.
You knew the following spells:

 Your Spells              Type           Power      Damage    Failure   Level
a - Magic Dart            Conj           100%       1d8       4%          1
b - Searing Ray           Conj           68%        2d6       6%          2
c - Iskenderun's Mystic   Conj/Tloc      18%        2d6       85%         4

Your spell library contained the following spells:

 Spells                   Type           Power      Damage    Failure   Level
 Dazzling Flash           Conj/Hex       36%        N/A       43%         3
 Apportation              Tloc           4%         N/A       54%         1
 Necrotise                Necr           8%         1d4       54%         1
 Summon Small Mammal      Summ           8%         N/A       54%         1
 Blink                    Tloc           4%         N/A       67%         2
 Fulminant Prism          Conj/Hex       9%         3d7       85%         4
 Manifold Assault         Tloc           2%         N/A       99%         4
 Olgreb's Toxic Radiance  Pois           2%         N/A       99%         4
 Storm Form               Tmut/Air       1%         N/A       100%        7
 Discord                  Hex            1%         N/A       100%        8
 Ignition                 Fire           1%         3d3       100%        8


Dungeon Overview and Level Annotations

Branches:
Dungeon (4/15)             Temple (0/1) D:4

Shops:
D:2 :

Annotations:
D:4 Pikel, Sigmund


Innate Abilities, Weirdness & Mutations

You have an increased reservoir of magic. (+10% MP)
You shall have no god before yourself.
Your divine heritage dramatically boosts your attributes as you level up.


Message History

Press: ? - help, Shift-Dir - straight line, f/p - Pikel
Aim: Pikel, wielding a +0 whip of flaming and wearing a +2 robe of willpower (lightly wounded, 76% to hit)
The searing ray hits Pikel.
Pikel is lightly wounded. (Press . to maintain the ray.) Pikel hits you but does no damage.
You now have 3/10 mp.
The searing ray hits Pikel but does no damage.
Pikel is lightly wounded.
The lemure shouts!
You hear a shout!
Pikel barely misses you.
You now have 2/10 mp.
The searing ray hits Pikel.
Pikel is moderately wounded.
Pikel hits you with a +0 whip of flaming.
Pikel burns you.
You take 4 damage, and have 34/38 hp.
You now have 1/10 mp.
The searing ray hits Pikel.
Pikel is moderately wounded.
You finish channelling your searing ray.
Pikel hits you with a +0 whip of flaming!
Pikel burns you.
You take 14 damage, and have 20/38 hp.
MASSIVE DAMAGE!!
You now have 0/10 mp.
Pikel attacks as you move away!
Pikel hits you with a +0 whip of flaming.
* * * LOW HITPOINT WARNING * * *
Pikel burns you.
* * * LOW HITPOINT WARNING * * *
You take 9 damage, and have 11/38 hp.
MASSIVE DAMAGE!!
Unknown command.
Magic courses through your body. You block Pikel's attack.
MP restored: 10
Casting: Searing Ray (safe; 6% risk of failure)
Confirm with . or Enter, or press ? or * to list all spells.
Okay, then.
Pikel attacks as you move away!
Pikel hits you with a +0 whip of flaming!
* * * LOW HITPOINT WARNING * * *
Pikel burns you.
You die...

#.....#<..........# #....#
#.....#...........# #....#
#.....#...........# ##..## #
#.....#...........# ##...# #
#.....#...........# #....####
##..###...######### #...##.<#
####'####...###.....# #....[5.#
#.............(.....######......#
#...............@..##...##..##K.#
##....##...######K.##.......##'##
#######...######..##...###'##...
#......#.....5.###'###..##...
#.#....#......5##...##.......
#'####.#........'...#.....5..
###.####.#........#5..#........
#.....#############.####.###'##
#.....# #######.####.###..#


You could see Pikel and 2 lemures.

Vanquished Creatures
  A lemure (D:3)
  Blork the orc (D:4)
  Terence (D:3)
  An iguana (D:4)
  Ijyb (D:3)
  A gnoll (D:1)
  2 adders
  2 worms
  3 dart slugs
  5 orcs (D:3)
  12 bats
  5 endoplasms
  5 giant cockroaches
  7 goblins
  5 hobgoblins
  10 jackals
  3 quokkas
  7 ball pythons
  3 frilled lizards
  7 kobolds
  6 rats
88 creatures vanquished.

Notes
Turn   | Place    | Note
-------+----------+-------------------------------------------
     0 | D:1      | spardeous the Demigod Conjurer began the quest for the Orb.
     0 | D:1      | Reached XP level 1. HP: 14/14 MP: 5/5
   369 | D:1      | Reached skill level 4 in Conjurations
   434 | D:1      | Reached XP level 2. HP: 20/20 MP: 5/7
   985 | D:1      | Reached XP level 3. HP: 26/26 MP: 5/8
  1554 | D:2      | Learned a level 2 spell: Searing Ray
  1664 | D:2      | Found Giuwar's Book Emporium.
  2193 | D:2      | Reached skill level 5 in Conjurations
  2893 | D:2      | Found Giuwar's Book Emporium.
  3754 | D:3      | Noticed Terence
  3774 | D:3      | Reached XP level 4. HP: 30/33 MP: 5/9
  3894 | D:3      | Killed Terence
  4329 | D:3      | Noticed Ijyb
  4367 | D:3      | Killed Ijyb
  4476 | D:3      | Reached skill level 6 in Conjurations
  4480 | D:3      | Reached XP level 5. HP: 38/38 MP: 4/10
  4987 | D:4      | Noticed Blork the orc
  5139 | D:4      | Killed Blork the orc
  5326 | D:4      | Found a staircase to the Ecumenical Temple.
  5373 | D:4      | Noticed Pikel
  5377 | D:4      | Noticed Sigmund
  5406 | D:3      | Learned a level 4 spell: Iskenderun's Mystic Blast
  5696 | D:4      | Slain by Pikel

Illustrated notes

Levels and vault maps discovered:
D:1:      saegor_arrival_fortress, layout_basic, st_stairs_12,
          chequers_serial_rivers_large_a, minmay_tree_intersection
D:2:      layout_loops_ring, serial_shops, shop, chequers_decorated_corner
D:3:      layout_loops_ring, kennysheep_generic_room_9, uniq_ijyb, uniq_terence
D:4:      layout_gridville, nicolae_wu_jian_glorious_leap, temple_hall,
          uniq_sigmund, uniq_pikel, uniq_blork_the_orc

Skill      XL: |  1  2  3  4 |
---------------+-------------+-----
Conjurations   | 4 5 6 |  6.7
Dodging        | |  1.7
Stealth        | |  1.7
Spellcasting   | |  1.7

Action                     |  1- 3 |  4- 6 || total
---------------------------+-------+-------++-------
  Melee: Unarmed           |       |    16 ||    16
   Cast: Magic Dart        |   109 |    52 ||   161
         Searing Ray       |     3 |    14 ||    17
    Use: Potion            |       |     1 ||     1
 Armour: Ring mail         |     1 |    21 ||    22
  Dodge: Dodged            |     4 |    36 ||    40
  Block: Buckler           |       |    10 ||    10
